 Dungeon Crawl Stone Soup version 0.31-a0-174-g85c54bcb58 (webtiles) character file.

Game seed: 14202669970579239070

262 qw the Shooter (level 6, -14/56 HPs)
             Began as a Naga Hunter on June 15, 2023.
             Was an Initiate of Okawaru.
             Demolished by Menkaure (15 damage)
             ... on level 4 of the Dungeon.
             The game lasted 00:00:59 (2357 turns).

qw the Shooter (Naga Hunter)                        Turns: 2357, Time: 00:01:00

Health: -14/56     AC:  8    Str: 14    XL:     6   Next: 18%
Magic:  6/6        EV:  9    Int:  9    God:    Okawaru [......]
Gold:   111        SH:  0    Dex: 16    Spells: 5/5 levels left

rFire   . . .        Y - +1 shortbow
rCold   . . .        (shield currently unavailable)
rNeg    . . .        c - +0 leather armour
rPois   +            (no helmet)
rElec   .            h - +0 cloak
rCorr   .            (no gloves)
SInv    +            (no barding)
Will    .....        (no amulet)
Stlth   ++           b - +4 ring of protection
HPRegen 0.29/turn    (no ring)
MPRegen 0.10/turn

%: no passive effects
@: lethally poisoned (-14 -> -16), very slow
A: AC +2, large, see invisible, deformed body, poison resistance, slowness 2,
spit poison 1, naga tail 1
a: Spit Poison, Renounce Religion


You were on level 4 of the Dungeon.
You worshipped Okawaru.
Okawaru was noncommittal.
You visited 1 branch of the dungeon, and saw 4 of its levels.

You collected 111 gold pieces.


Innate Abilities, Weirdness & Mutations

Your serpentine skin is tough. (AC +2)
You have supernaturally acute eyesight. (SInv)
Armour fits poorly on your strangely shaped body.
Your system is resistant to poisons. (rPois)
You cover ground very slowly.
You can spit poison.
You have a snake-like lower body.


   Skills:
 + Level 3.6 Fighting
 - Level 6.0 Ranged Weapons
 - Level 1.5 Dodging
 - Level 1.5 Stealth


You had 5 spell levels left.
You didn't know any spells.
Your spell library was empty.

Inventory:

Hand Weapons
 Y - a +1 shortbow (weapon)
Armour
 c - a +0 leather armour (worn)
 h - a +0 cloak (worn)
Jewellery
 b - a +4 ring of protection (left hand)
Scrolls
 a - a scroll of identify
Potions
 f - a potion of lignification {unknown}
 g - a potion of haste
 i - a potion of attraction {unknown}
 k - a potion of berserk rage {unknown}

Dungeon Overview and Level Annotations

Branches:
Dungeon (4/15)
 Temple: D:4-7

Altars:
Elyvilon
Nemelex Xobeh
Okawaru

Annotations:
D:4 Menkaure


Message History

A scorpion comes into view.
Menkaure calls on the powers of darkness!
The scorpion convulses!
Your body is wracked with pain!
You shoot an arrow. The arrow hits the scorpion.
The scorpion is severely wounded.
You shoot an arrow. The arrow hits the scorpion.
The scorpion is almost dead.
2350 ||| INVOKING Spit Poison.
Aiming: Spit Poison (1% risk of failure)
Press: ? - help, Shift-Dir - straight line, f/p - scorpion The splash of poison misses the scorpion.
You shoot an arrow. The arrow hits the scorpion.
The scorpion is almost dead.
You shoot an arrow. The arrow closely misses the scorpion.
You shoot an arrow.
The arrow hits the scorpion but does no damage.
The scorpion is almost dead.
The scorpion stings you.
You are poisoned.
The scorpion poisons you! The scorpion stings you.
You shoot an arrow.
The arrow hits the scorpion but does no damage.
The scorpion is almost dead.
You feel very sick. The scorpion barely misses you.
You shoot an arrow. The arrow barely misses the scorpion.
You feel sick. The scorpion barely misses you.
Menkaure gestures at you while chanting.
Pain shoots through your body!
The scorpion stings you but does no damage.
You shoot an arrow. The arrow hits the scorpion.
You kill the scorpion!
Okawaru accepts your kill.
You have got your breath back.
You feel sick.
You shoot an arrow.
The arrow hits Menkaure but does no damage.
Menkaure is lightly damaged.
You feel sick. Menkaure hits you!
You die...

#.###.$.#
#.#.#...#
#.#.....#
#.#.....####
#..........#
########....#####
..................
########M.########
########@##
.........#
.......#.#
......##.# ###.##
#.# #.
#.################
#
#.................
###############.##
#....##.#


You could see Menkaure.

Vanquished Creatures
  2 scorpions
  Terence (D:3)
  4 gnolls (D:3)
  5 adders
  2 worms
  2 dart slugs (D:1)
  2 orcs (D:3)
  10 ball pythons
  2 bats (D:3)
  5 endoplasms
  2 giant cockroaches
  7 goblins
  4 hobgoblins
  4 jackals (D:2)
  5 quokkas
  2 frilled lizards
  4 kobolds
  7 rats
70 creatures vanquished.

Notes
Turn   | Place    | Note
-------+----------+-------------------------------------------
     0 | D:1      | qw the Naga Hunter began the quest for the Orb.
     0 | D:1      | Reached XP level 1. HP: 19/19 MP: 1/1
     0 | D:1      | 0 ||| qw: Version: 0.2-a-29-g511e9b1
     0 | D:1      | 0 ||| qw: Game counter: 5603
     0 | D:1      | 0 ||| qw: Always use a shield: true
     0 | D:1      | 0 ||| qw: God list: Okawaru
     0 | D:1      | 0 ||| qw: Allow faded altars: false
     0 | D:1      | 0 ||| qw: Do Orc after D:15 true
     0 | D:1      | 0 ||| qw: Do second Lair branch before Depths: true
     0 | D:1      | 0 ||| qw: Lair rune preference: random
     0 | D:1      | 0 ||| qw: Plans: Normal
     0 | D:1      | 0 ||| PLANNING D:1-11
    51 | D:1      | 51 ||| INVOKING Spit Poison.
    55 | D:1      | 55 ||| INVOKING Spit Poison.
    70 | D:1      | 70 ||| INVOKING Spit Poison.
    84 | D:1      | 84 ||| INVOKING Spit Poison.
    85 | D:1      | Reached skill level 4 in Ranged Weapons
    85 | D:1      | Reached XP level 2. HP: 26/26 MP: 2/2
   117 | D:1      | 117 ||| INVOKING Spit Poison.
   203 | D:1      | 203 ||| INVOKING Spit Poison.
   215 | D:1      | 215 ||| INVOKING Spit Poison.
   218 | D:1      | 218 ||| INVOKING Spit Poison.
   259 | D:1      | 259 ||| INVOKING Spit Poison.
   285 | D:1      | 285 ||| FLEEEEING.
   286 | D:1      | 286 ||| FLEEEEING.
   287 | D:1      | 287 ||| INVOKING Spit Poison.
   316 | D:1      | 316 ||| INVOKING Spit Poison.
   509 | D:1      | 509 ||| UPGRADING to +0 cloak.
   514 | D:1      | 514 ||| READING scroll labelled OSCHE XIABU.
   515 | D:1      | 515 ||| READING scroll labelled ETUENT BUTRO.
   516 | D:1      | 516 ||| READING scroll labelled VUSTAJ SENA.
   517 | D:1      | 517 ||| READING scroll labelled ZYSHE ERONKOI.
   522 | D:1      | 522 ||| DROPPING scroll of butterflies.
   579 | D:2      | Reached XP level 3. HP: 32/32 MP: 3/3
   591 | D:2      | 591 ||| INVOKING Spit Poison.
   626 | D:2      | 626 ||| INVOKING Spit Poison.
   639 | D:2      | 639 ||| INVOKING Spit Poison.
   643 | D:2      | 643 ||| INVOKING Spit Poison.
   647 | D:2      | 647 ||| INVOKING Spit Poison.
   756 | D:2      | 756 ||| INVOKING Spit Poison.
   798 | D:2      | 798 ||| INVOKING Spit Poison.
   805 | D:2      | 805 ||| UPGRADING to +4 ring of protection.
   807 | D:2      | 807 ||| INVOKING Spit Poison.
   816 | D:2      | 816 ||| INVOKING Spit Poison.
   819 | D:2      | 819 ||| INVOKING Spit Poison.
   842 | D:2      | Found a sparkling altar of Nemelex Xobeh.
   907 | D:2      | 907 ||| INVOKING Spit Poison.
  1022 | D:2      | 1022 ||| INVOKING Spit Poison.
  1046 | D:2      | 1046 ||| INVOKING Spit Poison.
  1052 | D:2      | 1052 ||| INVOKING Spit Poison.
  1076 | D:2      | Reached skill level 5 in Ranged Weapons
  1076 | D:2      | Reached XP level 4. HP: 39/39 MP: 4/4
  1093 | D:2      | 1093 ||| INVOKING Spit Poison.
  1096 | D:2      | 1096 ||| INVOKING Spit Poison.
  1137 | D:2      | 1137 ||| INVOKING Spit Poison.
  1202 | D:2      | 1202 ||| INVOKING Spit Poison.
  1300 | D:3      | 1300 ||| PLANNING SEWER
  1303 | D:3      | 1303 ||| INVOKING Spit Poison.
  1351 | D:3      | Noticed a scorpion
  1352 | D:3      | 1352 ||| INVOKING Spit Poison.
  1356 | D:3      | Killed a scorpion
  1357 | D:3      | Reached skill level 3 in Fighting
  1357 | D:3      | Reached XP level 5. HP: 49/49 MP: 5/5
  1441 | D:3      | 1441 ||| INVOKING Spit Poison.
  1447 | D:3      | 1447 ||| INVOKING Spit Poison.
  1450 | D:3      | 1450 ||| INVOKING Spit Poison.
  1510 | D:3      | 1510 ||| INVOKING Spit Poison.
  1520 | D:3      | 1520 ||| INVOKING Spit Poison.
  1539 | D:3      | Identified the +0 kite shield of the Ecumenical Temple
                  | {Regen+ Slay+5 Stlth-}
  1577 | D:3      | 1577 ||| INVOKING Spit Poison.
  1580 | D:3      | 1580 ||| INVOKING Spit Poison.
  1583 | D:3      | 1583 ||| INVOKING Spit Poison.
  1586 | D:3      | 1586 ||| INVOKING Spit Poison.
  1590 | D:3      | 1590 ||| INVOKING Spit Poison.
  1649 | D:3      | Found a white marble altar of Elyvilon.
  1708 | D:3      | Found an iron altar of Okawaru.
  1717 | D:3      | 1717 ||| INVOKING Spit Poison.
  1720 | D:3      | Noticed Terence
  1722 | D:3      | 1722 ||| INVOKING Spit Poison.
  1728 | D:3      | 1728 ||| INVOKING Spit Poison.
  1730 | D:3      | Killed Terence
  1739 | D:3      | 1739 ||| INVOKING Spit Poison.
  1743 | D:3      | 1743 ||| INVOKING Spit Poison.
  1756 | D:3      | 1756 ||| INVOKING Spit Poison.
  1761 | D:3      | 1761 ||| INVOKING Spit Poison.
  1778 | D:3      | 1778 ||| INVOKING Spit Poison.
  1797 | D:3      | 1797 ||| INVOKING Spit Poison.
  1808 | D:3      | 1808 ||| INVOKING Spit Poison.
  1873 | D:3      | 1873 ||| INVOKING Spit Poison.
  1877 | D:3      | 1877 ||| RIP SEWER
  1881 | D:3      | 1881 ||| PLANNING OKAWARU WORSHIP
  1883 | D:3      | 1883 ||| READING scroll labelled REOLEK XOD.
  1884 | D:3      | 1884 ||| READING scroll labelled SIRGHU XUQ FIU.
  1885 | D:3      | 1885 ||| DRINKING 2 sapphire potions.
  1886 | D:3      | 1886 ||| READING 3 scrolls of identify.
  1886 | D:3      | 1886 ||| IDENTIFYING bubbling amethyst potion
  1887 | D:3      | 1887 ||| READING 2 scrolls of identify.
  1887 | D:3      | 1887 ||| IDENTIFYING ruby potion
  1888 | D:3      | 1888 ||| DROPPING potion of degeneration.
  1889 | D:3      | 1889 ||| DROPPING potion of brilliance.
  1934 | D:3      | Became a worshipper of Warmaster Okawaru
  1935 | D:3      | 1935 ||| PLANNING D:1-11
  1970 | D:3      | 1970 ||| INVOKING Spit Poison.
  2101 | D:3      | 2101 ||| INVOKING Spit Poison.
  2105 | D:3      | Reached XP level 6. HP: 56/56 MP: 6/6
  2246 | D:4      | 2246 ||| INVOKING Spit Poison.
  2279 | D:4      | 2279 ||| INVOKING Spit Poison.
  2284 | D:4      | Reached skill level 6 in Ranged Weapons
  2284 | D:4      | 2284 ||| INVOKING Spit Poison.
  2338 | D:4      | Noticed Menkaure
  2340 | D:4      | 2340 ||| FLEEEEING.
  2341 | D:4      | 2341 ||| FLEEEEING.
  2342 | D:4      | 2342 ||| FLEEEEING.
  2345 | D:4      | 2345 ||| FLEEEEING.
  2346 | D:4      | 2346 ||| FLEEEEING.
  2347 | D:4      | 2347 ||| FLEEEEING.
  2347 | D:4      | HP: 10/56 [??? (7)]
  2350 | D:4      | 2350 ||| INVOKING Spit Poison.
  2353 | D:4      | HP: 11/56 [scorpion (1)]
  2355 | D:4      | HP: 5/56 [poisoned by a scorpion]
  2356 | D:4      | HP: 2/56 [poisoned by a scorpion]
  2357 | D:4      | Demolished by Menkaure

Levels and vault maps discovered:
D:1:      lordsloth_arrival_two_stooges, layout_basic
D:2:      layout_loops_cross, serial_bayou, serial_bayou_pond_c,
          serial_bayou_lagoon_b, serial_bayou_pond_d, serial_bayou_ford_a,
          basic_altar
D:3:      minmay_door_path, layout_basic, elyvilon_altar_5, old_standard_altar,
          portal_sewer_entry_d, grunt_ministairs_3, uniq_terence
D:4:      layout_basic, kennysheep_little_box, uniq_menkaure

Skill      XL: |  1  2  3  4  5  6 |
---------------+-------------------+-----
Ranged Weapons | 4 5 6 |  6.0
Fighting       | 3 |  3.6
Dodging        | |  1.5
Stealth        | |  1.5

Action                     |  1- 3 |  4- 6 || total
---------------------------+-------+-------++-------
   Fire: Shortbow          |    69 |    78 ||   147
Ability: Spit Poison       |    25 |    33 ||    58
    Use: Scroll            |     4 |     4 ||     8
         Potion            |       |     1 ||     1
 Armour: Leather armour    |    12 |    19 ||    31
  Dodge: Dodged            |    22 |    24 ||    46

Table legend:
 A = Non-vault XP
 B = Vault XP
 C = Vault XP percentage of total XP
 D = Non-vault monster count
 E = Vault monster count
 F = Vault count percentage of total count
                 A         B        C        D         E       F
            +---------+---------+-------+---------+---------+-------
      Total |     308 |      67 |  17.9 |      64 |       6 |   8.6
            +---------+---------+-------+---------+---------+-------
        D:1 |      33 |       0 |   0.0 |      17 |       0 |   0.0
        D:2 |      55 |       0 |   0.0 |      24 |       0 |   0.0
        D:3 |     177 |      67 |  27.5 |      19 |       6 |  24.0
        D:4 |      43 |       0 |   0.0 |       4 |       0 |   0.0
            +---------+---------+-------+---------+---------+-------
